 Dungeon Crawl Stone Soup version 0.30-a0-760-g5a9884bb7c (webtiles) character file.

Game seed: 13023517071477804261

28 lunkers the Slasher (level 3, 0/31 HPs)
             Began as a Meteoran Fighter on Feb 10, 2023.
             Slain by Ijyb
             ... wielding a +0 club
              (1 damage)
             ... on level 3 of the Dungeon.
             The game lasted 00:00:55 (582 turns).

lunkers the Slasher (Meteoran Fighter)               Turns: 582, Time: 00:00:56

Health: 0/31       AC:  6    Str: 18    XL:     3   Next: 50%
Magic:  4/4        EV:  9    Int:  9    God:
Gold:   47         SH:  5    Dex: 15    Spells: 2/2 levels left

rFire   . . .      SeeInvis .    a - +0 long sword
rCold   . . .      Faith    .    c - +0 buckler
rNeg    . . .      Spirit   .    b - +0 scale mail
rPois   .          Reflect  .    (no helmet)
rElec   .          Harm     .    (no cloak)
rCorr   .          Rampage  .    (no gloves)
Will    .....                    (no boots) Stlth
                                 (no amulet)
HPRegen 0.25/turn                (no ring)
MPRegen 0.09/turn                (no ring)

@: mighty, glowing
A: sense surroundings 1, otherworldly, glowing, explore regen
a: no special abilities


You were on level 3 of the Dungeon.
You visited 1 branch of the dungeon, and saw 3 of its levels.

You collected 47 gold pieces.

Inventory:

Hand Weapons
 a - a +0 long sword (weapon)
Missiles
 e - a throwing net
Armour
 b - a +0 scale mail (worn)
 c - a +0 buckler (worn)
Scrolls
 f - a scroll of blinking {unknown}
 g - a scroll of fog {unknown}
Potions
 h - a potion of haste {unknown}


   Skills:
 - Level 3.2 Fighting
 + Level 4.3 Long Blades
 - Level 3.6 Armour
 - Level 3.6 Shields


You had 2 spell levels left.
You didn't know any spells.
Your spell library was empty.

Dungeon Overview and Level Annotations

Branches:
Dungeon (3/15) Zot: 1203

Altars:

Annotations:
D:3 Ijyb


Innate Abilities, Weirdness & Mutations

You passively map a small area around you.
You are easily found by Zot.
You glow in the dark.
You regain HP and MP as you explore.


Message History

No target in view!
No target in view!
No target in view!
No target in view!
No target in view!
No target in view!
No target in view!
Found a stone staircase leading down.
There is a stone staircase leading down here.
You climb downwards.
Found a ring mail.
There is a stone staircase leading up here.
Found a plate armour.
No target in view!
No target in view!
No target in view!
No target in view!
Found 5 poisoned darts.
No target in view!
You now have 30 gold pieces (gained 12).
You now have 47 gold pieces (gained 17).
Found a stone staircase leading down.
No target in view!
g - a scroll labelled HYGUSTR GYCEZAD
There are no items here.
Found a stone staircase leading down.
Found a metallic inky potion.
Found a scroll labelled YDDUEJ BONE.
There is a stone staircase leading down here.
h - a metallic inky potion Ijyb the Twisted Goblin comes into view.
She is wielding a +0 club and carrying a wand of mindburst (19).
Ijyb shouts!
Ijyb zaps a wand.
Your mind is blasted!
Ijyb zaps a wand.
Your mind is blasted!
* * * LOW HITPOINT WARNING * * *
You feel very mighty all of a sudden.
Ijyb zaps a wand.
Your mind is blasted!
* * * LOW HITPOINT WARNING * * *
You closely miss Ijyb. Ijyb hits you with a +0 club.
You die...

,, , , .. ..... ,
####.##.... * * ,
..........##, **,* .,,,
...#........ ..
..........##### *
..#>###.......?#...
...............#.###.##
....###.##..##..@.....#
.......>.......#.g.#.##
...............#.### *
.#..#....#..##.....#,
....#....#..##.#.#.# *
* .#.##........#.#.#.#
* .............#.#.#
#,* *
.......#.......... ,
...#.###.##..#.# , ,


You could see Ijyb.

Vanquished Creatures
  An adder (D:2)
  A worm (D:2)
  3 bats
  2 endoplasms (D:1)
  A giant cockroach (D:1)
  A hobgoblin (D:1)
  2 frilled lizards
  A goblin (D:1)
  2 kobolds
  3 rats
17 creatures vanquished.

Notes
Turn   | Place    | Note
-------+----------+-------------------------------------------
     0 | D:1      | lunkers the Meteoran Fighter began the quest for the Orb.
     0 | D:1      | Reached XP level 1. HP: 19/19 MP: 2/2
   153 | D:1      | Reached skill level 3 in Long Blades
   153 | D:1      | Reached XP level 2. HP: 26/26 MP: 3/3
   337 | D:2      | Reached XP level 3. HP: 23/31 MP: 4/4
   394 | D:2      | Reached skill level 4 in Long Blades
   578 | D:3      | Noticed Ijyb
   581 | D:3      | HP: 1/31 [disintegration (10)]
   582 | D:3      | Slain by Ijyb

Illustrated notes

Levels and vault maps discovered:
D:1:      matt_arrival_diagonals, layout_basic, minivault_24,
          minmay_misc_feat_hallway
D:2:      layout_loops_corners, uniq_jessica
D:3:      layout_basic, uniq_ijyb

Skill      XL: |  1  2  3 |
---------------+----------+-----
Long Blades    | 3 4 |  4.3
Fighting       | |  3.2
Armour         | |  3.6
Shields        | |  3.6

Action                     || total
---------------------------++-------
  Melee: Long sword        ||    54
    Use: Potion            ||     1
 Armour: Scale mail        ||    26
  Dodge: Dodged            ||    21
  Block: Buckler           ||    11

Table legend: (Time is in decaauts)
 A = Elapsed time spent in this place.
 B = Non-inter-level travel time spent in this place.
 C = Inter-level travel time spent in this place.
 D = Time resting spent in this place.
 E = Time spent auto-exploring this place.
 F = Levels seen in this place.
 G = Mean time per level.
                   A        B        C        D        E       F      G
               +--------+--------+--------+--------+--------+-----+--------+
         Total |    594 |    594 |      0 |      0 |    436 |   3 |  198.0 |
       Dungeon |    594 |    594 |      0 |      0 |    436 |   3 |  198.0 |
               +--------+--------+--------+--------+--------+-----+--------+

Top non-repeatable levels by time:
     D:1: 281 daAuts
     D:3: 177 daAuts
     D:2: 135 daAuts
